 Dungeon Crawl Stone Soup version 0.27.0-1-g7a089689b8 (webtiles) character file.

Game seed: 9637837351916678080

4438 Stronkponker the Geomancer (level 10, -1/50 HPs)
             Began as a Gargoyle Earth Elementalist on Aug 8, 2021.
             Was a Follower of Vehumet.
             Slain by a hellwing (5 damage)
             ... summoned by a kobold demonologist
             ... on level 8 of the Dungeon.
             The game lasted 02:04:06 (11453 turns).

Stronkponker the Geomancer (GrEE)                  Turns: 11453, Time: 02:04:06

Health: -1/50      AC: 16    Str: 11 (12) XL:     10   Next: 36%
Magic:  12/31      EV: 11    Int: 23      God:    Vehumet [*.....]
Gold:   192        SH:  0    Dex: 10      Spells: 3/13 levels left

rFire    . . .     SeeInvis .   a - +6 hand axe "Odurch" {flame, MP+9}
rCold    x . .     Faith    .   (no shield)
rNeg     + . .     Spirit   .   B - +0 robe of Midsummer {+Blink rPois rC- Int+4}
rPois    ∞         Reflect  .   t - +0 helmet
rElec    +         Harm     .   p - scarf {repulsion}
rCorr    .         Rampage  .   y - +0 pair of gloves {archery}
Will     .....                  F - +0 pair of boots
Stlth    +++.......             (no amulet)
HPRegen  0.16/turn              h - +4 ring of protection
MPRegen  0.22/turn              n - ring of magical power

@: repel missiles
A: sickness immunity, AC +7, negative energy resistance 1, electricity
resistance, torment resistance 1, petrification resistance
a: Renounce Religion, Evoke Blink


You were on level 8 of the Dungeon.
You worshipped Vehumet.
Vehumet was aware of your devotion.
You visited 2 branches of the dungeon, and saw 9 of its levels.

You collected 408 gold pieces.
You spent 216 gold pieces at shops.

Inventory:

Hand Weapons
 a - the +6 hand axe "Odurch" (weapon) {flame, MP+9}
   (You bought it in a shop on level 2 of the Dungeon)

   It burns those it strikes, dealing additional fire damage.
   Big, fiery blades are also staple armaments of hydra-hunters.
   MP:        It affects your magic capacity (+9).
 b - a +0 dagger of electrocution
Missiles
 c - 302 stones
 g - a throwing net
 m - 17 poisoned darts
Armour
 p - a scarf of repulsion (worn)
 t - a +0 helmet (worn)
 y - a +0 pair of gloves of archery (worn)
 B - the +0 robe of Midsummer (worn) {+Blink rPois rC- Int+4}
   (You took it off a crimson imp on level 8 of the Dungeon)

   Int:       It affects your intelligence (+4).
   rC:        It makes you vulnerable to cold.
   rPois:     It protects you from poison.
   +Blink:    It lets you blink.
 F - a +0 pair of boots (worn)
Jewellery
 f - a ring of fire
 h - a +4 ring of protection (left hand)
 n - a ring of magical power (right hand)
 o - a ring of positive energy
 G - a ring of flight
Scrolls
 e - a scroll of enchant armour {unknown}
 q - a scroll of silence {unknown}
 w - a scroll of noise {unknown}
 x - a scroll of blinking {unknown}
 z - a scroll of identify {unknown}
 A - a scroll of enchant weapon {unknown}
 D - a scroll of holy word {unknown}
 E - a scroll of magic mapping {unknown}
Potions
 d - a potion of flight {unknown}
 i - 3 potions of might
 j - 3 potions of attraction
 k - 2 potions of brilliance
 l - a potion of heal wounds {unknown}
 r - a potion of degeneration
 u - a potion of curing
 v - a potion of invisibility {unknown}
 C - a potion of lignification {unknown}


   Skills:
 - Level 3.2 Short Blades
 + Level 3.7 Axes
 - Level 1.5 Dodging
 - Level 5.0 Stealth
 - Level 2.0 Spellcasting
 - Level 9.1 Conjurations
 - Level 5.8 Transmutations
 + Level 9.4 Earth Magic


You had 3 spell levels left.
You knew the following spells:

 Your Spells              Type           Power      Damage    Failure   Level
a - Sandblast             Erth           90%        2d19      1%          1
b - Stone Arrow           Conj/Erth      88%        3d12      1%          3
c - Petrify               Tmut/Erth      37%        N/A       5%          4
w - Passwall              Tmut/Erth      30%        N/A       1%          2

Your spell library contained the following spells:

 Spells                   Type           Power      Damage    Failure   Level
 Magic Dart               Conj           100%       1d8       1%          1
 Beastly Appendage        Tmut           58%        N/A       1%          1
 Wereblood                Tmut           29%        N/A       1%          2
 Spider Form              Tmut/Pois      7%         N/A       12%         3
 Summon Small Mammal      Summ           8%         N/A       13%         1
 Call Canine Familiar     Summ           2%         N/A       36%         3
 Ozocubu's Armour         Ice            2%         N/A       36%         3
 Summon Guardian Golem    Hex/Summ       2%         N/A       36%         3
 Ozocubu's Refrigeration  Ice            1%         4d5       100%        7


Dungeon Overview and Level Annotations

Branches:
Dungeon (8/15)             Temple (1/1) D:6
   Lair: D:8-11

Altars:
Ashenzari
Cheibriados
Dithmenos
Elyvilon
Fedhas
Hepliaklqana
Kikubaaqudgha
Makhleb
Nemelex Xobeh
Okawaru
Qazlal
Ru
Trog
Uskayaw
Vehumet
Wu Jian
Xom
Yredelemnul
Zin
The Shining One

Shops:
D:2 (   D:4 *

Annotations:
D:8 exclusion: kobold demonologist


Innate Abilities, Weirdness & Mutations

You are immune to sickness and miasma.
Your stone body is resilient. (AC +7)
You are immune to poison.
You resist negative energy. (rN+)
You are resistant to electric shocks. (rElec)
You are resistant to unholy torment.
You are immune to petrification.


Message History

The stone arrow misses the kobold demonologist.
The stone arrow misses the kobold brigand.
The kobold shouts!
The kobold demonologist misses you.
Casting: Stone Arrow (safe; 1% risk of failure)
Confirm with . or Enter, or press ? or * to list all spells.
Aiming: Stone Arrow (safe; 1% risk of failure)
Press: ? - help, Shift-Dir - straight line, f - kobold demonologist, p - kobold brigand
Aim: a kobold demonologist, wielding a +0 dagger and wearing a +0 robe (severely wounded, 67% to hit)
The stone arrow hits the kobold demonologist!
The kobold demonologist is almost dead.
The kobold brigand hits you with a +0 short sword.
The kobold demonologist barely misses you.
The kobold brigand throws a curare-tipped dart.
The curare-tipped dart barely misses you.
The kobold demonologist looks braver for a moment.
The kobold brigand throws a curare-tipped dart.
The curare-tipped dart misses you.
There is an open door here.
The kobold demonologist mumbles some strange words.
You close the door.
A kobold demonologist opens the door.
The hellwing swoops through the air toward you!
The hellwing hits you.
The hellwing hits you but does no damage.
You hit the hellwing. You burn the hellwing.
The hellwing is lightly wounded.
The hellwing hits you.
* * * LOW HITPOINT WARNING * * *
The hellwing hits you but does no damage.
You blink.
The hellwing swoops through the air toward you!
The hellwing hits you.
* * * LOW HITPOINT WARNING * * *
The hellwing hits you.
* * * LOW HITPOINT WARNING * * *
The kobold demonologist gestures wildly while chanting.
You fail to use your ability.
The hellwing hits you but does no damage.
The hellwing hits you.
You die...

.................
..........##.....
#########...######.
#.......#K...# ##.#
#.......#....###.##
#.....K.#....##.#.[
#..55K..'K(..#.#[##
########..##..#.....##[##
#....#..@.##..###...#[##.
#......4...#...#....#..#.
#...)......#...#....#..#)
#..........#...#.....##.#
#..........'...#.....##.#
########.)########...###.
#...####..##.........# .
#...#......#.........# .
#...#....).#.........# #


You could see a hellwing (summoned), a kobold demonologist, a kobold brigand, an
iron imp (summoned) and a shadow imp (summoned).

Vanquished Creatures
  A centaur warrior (D:8)
  A wyvern (D:8)
  A steam dragon (D:8)
  Menkaure (D:6)
  Duvessa (D:4)
  2 water moccasins
  2 orc warriors (D:8)
  2 sky beasts (D:5)
  A hornet zombie (D:7)
  2 necrophages
  2 ogres
  2 centaurs (D:8)
  2 phantoms
  2 kobold brigands
  2 bullfrogs (D:7)
  A scorpion (D:5)
  Dowan (D:4)
  4 killer bees (D:4)
  7 wights
  8 crimson imps (D:8)
  2 centaur zombies
  4 hounds
  2 jellies (D:5)
  3 orc priests
  3 iguanas
  8 orc wizards
  A hound skeleton (D:5)
  5 gnolls
  7 adders
  A shadow imp (D:5)
  2 white imps
  2 adder skeletons
  3 worms
  A dart slug (D:2)
  19 orcs
  8 bats
  5 endoplasms
  10 giant cockroaches
  2 goblins (D:1)
  6 hobgoblins
  10 jackals
  3 quokkas
  6 ball pythons
  4 frilled lizards (D:1)
  13 kobolds
  4 rats
179 creatures vanquished.

Vanquished Creatures (others)
  A ball python (D:1)
1 creature vanquished.

Grand Total: 180 creatures vanquished

Notes
Turn   | Place    | Note
-------+----------+-------------------------------------------
     0 | D:1      | Stronkponker the Gargoyle Earth Elementalist began the
                  | quest for the Orb.
     0 | D:1      | Reached XP level 1. HP: 10/10 MP: 3/3
   224 | D:1      | Reached XP level 2. HP: 15/15 MP: 3/5
   476 | D:1      | Found a faded altar of an unknown god.
   638 | D:1      | Reached XP level 3. HP: 13/19 MP: 4/6
   780 | D:1      | Reached skill level 5 in Earth Magic
   789 | D:1      | Learned a level 3 spell: Stone Arrow
  1736 | D:2      | Reached XP level 4. HP: 16/24 MP: 5/7
  1990 | D:2      | Learned a level 2 spell: Passwall
  2809 | D:2      | Found Henonlys's Antique Weapon Shop.
  2973 | D:3      | Found an ancient bone altar of Kikubaaqudgha.
  3631 | D:3      | Found a hazy altar of Hepliaklqana.
  3931 | D:4      | Reached skill level 1 in Conjurations
  4108 | D:4      | Reached XP level 5. HP: 28/28 MP: 8/8
  4504 | D:4      | Found Bamogh's Gadget Gallery.
  4579 | D:4      | Noticed a necrophage
  4588 | D:4      | Killed a necrophage
  4589 | D:4      | Reached XP level 6. HP: 32/32 MP: 9/9
  4910 | D:4      | Reached skill level 5 in Conjurations
  4928 | D:4      | Reached XP level 7. HP: 12/36 MP: 10/10
  5540 | D:4      | Noticed Duvessa
  5930 | D:5      | Entered Level 5 of the Dungeon
  5936 | D:5      | Found a shimmering altar of Xom.
  5978 | D:5      | Found a hide-covered altar of Uskayaw.
  6306 | D:5      | Reached XP level 8. HP: 33/41 MP: 11/11
  6552 | D:2      | Bought a scorched hand axe for 216 gold pieces
  6552 | D:2      | Identified the +6 hand axe "Odurch" {flame, MP+9} (You
                  | bought it in a shop on level 2 of the Dungeon)
  6689 | D:4      | Learned a level 4 spell: Petrify
  6781 | D:4      | Noticed Dowan
  6794 | D:4      | Killed Duvessa
  6795 | D:4      | Reached skill level 1 in Transmutations
  6803 | D:4      | Killed Dowan
  7925 | D:6      | Noticed Menkaure
  7931 | D:6      | Killed Menkaure
  8074 | D:6      | Reached XP level 9. HP: 45/45 MP: 12/12
  8131 | D:6      | Reached skill level 5 in Transmutations
  8146 | D:6      | Found a glowing golden altar of the Shining One.
  8244 | D:6      | Found a staircase to the Ecumenical Temple.
  8250 | Temple   | Entered the Ecumenical Temple
  8987 | D:7      | Found a radiant altar of Vehumet.
  8991 | D:7      | Became a worshipper of Vehumet
  9052 | D:7      | Reached skill level 1 in Short Blades
 10487 | D:8      | Found a burning altar of Makhleb.
 10489 | D:8      | Noticed a kobold demonologist
 10563 | D:8      | Reached skill level 5 in Stealth
 10753 | D:8      | Reached skill level 1 in Axes
 10756 | D:8      | Reached XP level 10. HP: 43/50 MP: 13/13
 11256 | D:8      | Identified the +0 robe of Midsummer {+Blink rPois rC-
                  | Int+4}
 11258 | D:8      | Reached * piety under Vehumet
 11258 | D:8      | Offered knowledge of Magic Dart by Vehumet.
 11419 | D:8      | Noticed a centaur warrior
 11427 | D:8      | Killed a centaur warrior
 11453 | D:8      | Slain by a hellwing

Illustrated notes

Levels and vault maps discovered:
D:1:      dpeg_arrival_prison, layout_basic, shapermc_ecumenical_altar_gd,
          chequers_serial_rivers_room_a, hangedman_abyss_or_decor_lesser_grid,
          chequers_serial_rivers_large_b, hangedman_decor_clover_reticule,
          lemuel_old_faithful
D:2:      layout_basic, serial_shops, shop, serial_bayou_pond_d,
          roderic_lattice_a, amcnicky_mini_pool_small
D:3:      layout_basic, kiku_gazebo_pond_becter, lemuel_doored_altar,
          kennysheep_potato
D:4:      layout_basic, nicolae_shop_gadgets, uniq_duvessa
D:5:      kennysheep_six_static_rooms, layout_basic, brannock_xom_greatest_gift,
          nicolae_uskayaw_murder_on_the_dancefloor, minmay_misc_feat_encased
D:6:      layout_rooms, mainiacjoe_overflow_surrounded_room,
          minmay_temple_entry_statues_pillars, uniq_menkaure
D:7:      layout_gridville, mainiacjoe_overflow_24_doors
D:8:      minmay_ornate_pinched, layout_gridville, mainiacjoe_overflow_alcove_1,
          grunt_gozag_statues, special_room [special_room_orc], minmay_nine_imps
Temple:   cyrus_circular_temple

Skill      XL: |  1  2  3  4  5  6  7  8  9 10 |
---------------+-------------------------------+-----
Earth Magic    | 4 5 6 8 9 |  9.4
Conjurations   | 2 4 5 8 9 |  9.1
Transmutations | 4 5 |  5.8
Short Blades   | 3 |  3.2
Stealth        | 5 |  5.0
Axes           | 1 3 |  3.7
Dodging        | |  1.5
Spellcasting   | |  2.0

Action                   |  1- 3 |  4- 6 |  7- 9 | 10-12 || total
-------------------------+-------+-------+-------+-------++-------
Melee: Unarmed           |    10 |       |       |       ||    10
       Dagger            |   157 |   266 |    74 |       ||   497
       Hand axe          |       |       |   120 |    13 ||   133
Throw: Throwing net      |       |       |     1 |       ||     1
 Cast: Sandblast         |    15 |    28 |    33 |       ||    76
       Passwall          |       |     3 |     9 |       ||    12
       Stone Arrow       |       |     4 |    40 |    26 ||    70
 Abil: Evoke Blink       |       |       |       |     1 ||     1
  Use: Scroll            |       |       |     4 |       ||     4
       Potion            |       |       |     7 |       ||     7
 Stab: Sleeping          |     3 |     6 |     5 |       ||    14
Armor: Robe              |    66 |   105 |       |     6 ||   177
       Leather armour    |       |    22 |   127 |     9 ||   158
Dodge: Dodged            |   114 |   188 |   106 |    13 ||   421
       Repelled          |       |       |     3 |       ||     3
